 Dungeon Crawl Stone Soup version 0.21.0-37-g46506fa (webtiles) character file.

200 pstr the Digger (level 5, 0/42 HPs)
             Began as a Naga Earth Elementalist on Feb 1, 2018.
             Was a Priest of Jiyva.
             Slain by Pikel
             ... wielding a +1 whip of freezing
              (7 damage)
             ... on level 4 of the Dungeon.
             The game lasted 00:08:05 (3302 turns).

pstr the Digger (Naga Earth Elementalist)           Turns: 3302, Time: 00:08:07

Health: 0/42       AC:  2    Str: 10    XL:     5   Next: 78%
Magic:  7/10       EV: 10    Int: 16    God:    Jiyva [***...]
Gold:   91         SH:  0    Dex: 12    Spells: 7/11 levels left

rFire    . . .     SeeInvis +   n - +0 quarterstaff
rCold    . . .     Gourm    .   (shield currently unavailable)
rNeg     . . .     Faith    .   c - +0 robe
rPois    +         Spirit   .   (no helmet)
rElec    .         Reflect  .   (no cloak)
rCorr    +         Harm     .   (no gloves)
MR       .....                  (no barding)
Stlth    ++........             (no amulet)
HPRegen  0.14/turn              (no ring)
MPRegen  0.12/turn              (no ring)

@: about to teleport, very slow
A: large, see invisible, deformed body, poison resistance, slowness 2, slow
metabolism 1, spit poison 1, AC +1
a: Spit Poison, Request Jelly, Renounce Religion


You were on level 4 of the Dungeon.
You worshipped Jiyva.
Jiyva was most pleased with you.
You were not hungry.

You visited 1 branch of the dungeon, and saw 4 of its levels.

You collected 91 gold pieces.

Inventory:

Hand Weapons
 n - a +0 quarterstaff (weapon)
Missiles
 b - 41 stones (quivered)
Armour
 c - a +0 robe (worn)
 i - a +0 leather armour
 k - a +0 pair of gloves
 o - a +0 leather armour
Scrolls
 a - 2 scrolls of identify
 j - a scroll of teleportation
 m - a scroll of remove curse {unknown}
Potions
 f - 3 potions of curing
 h - 3 potions of brilliance {unknown}
 l - a potion of might {unknown}
 q - 2 potions of heal wounds {unknown}
Books
 e - a book of Geomancy

   Spells                             Type                      Level
   a - Sandblast                      Earth                        1
   b - Passwall                       Transmutation/Earth          2
   c - Stone Arrow                    Conjuration/Earth            3
   d - Petrify                        Transmutation/Earth          4
   e - Lee's Rapid Deconstruction     Earth                        5
Comestibles
 d - 3 rations
 g - 2 chunks of flesh


   Skills:
 + Level 0.3 Fighting
 + Level 1.9 Dodging
 + Level 4.0 Stealth
 + Level 3.6 Spellcasting
 + Level 0.5 Conjurations
   Level 1.0 Transmutations
 + Level 4.6 Earth Magic


You had 7 spell levels left.
You knew the following spells:

 Your Spells              Type           Power        Failure   Level  Hunger
a - Sandblast             Erth           ###...       2%          1    None
b - Stone Arrow           Conj/Erth      ##....       19%         3    ###....


Dungeon Overview and Level Annotations

Branches:
Dungeon (4/15)
 Temple: D:4-7

Altars:
Nemelex Xobeh
Jiyva

Annotations:
D:4 Pikel


Innate Abilities, Weirdness & Mutations

You cannot wear boots.
Your serpentine skin is tough. (AC +1)
You have supernaturally acute eyesight. (SInv)
Armour fits poorly on your strangely shaped body.
Your system is resistant to poisons. (rPois)
You cover ground very slowly.
You have a slow metabolism.
You can spit poison.


Message History

The slave barely misses you. Pikel hits you with a whip of freezing.
Pikel freezes you.
Casting: Sandblast
Confirm with . or Enter, or press ? or * to list all spells.
Aiming: Sandblast
Press: ? - help, Shift-Dir - straight line, f/p - Pikel
Aim: Pikel, wielding a whip of freezing and wearing a robe The blast of sand hits Pikel.
b - 41 stones Pikel hits you with a whip of freezing!
Pikel freezes you.
A slave opens the door.
You hear a distant slurping noise.
Jiyva appreciates your sacrifice.
You feel a little less hungry. The slave hits you!
* * * LOW HITPOINT WARNING * * *
You hear a distant slurping noise.
As you read the scroll labeled UGUUTUU FUICS, it crumbles to dust.
You feel strangely unstable.
It was a scroll of teleportation.
Pikel hits you with a whip of freezing!
You die...

........ #...#..
.#...# #..
'...#....####++###
#...#....##......###
#..p#.....#.♣..♣.#..
#Spp#.....+.. #..'..
#.pK#.....+..##..'..
#..@......#.♣..♣.#..
###.......#......#..
#.......###''###..
#.................
#..........#....##
#..........#....#
#...............#
#...............#
#...............#


You could see Pikel, 4 slaves and a ball python.

Vanquished Creatures
  An ogre (D:4)
  A worker ant (D:4)
  5 adders
  3 dart slugs
  3 leopard geckos
  2 giant cockroaches (D:1)
  4 goblins
  7 hobgoblins
  2 jackals (D:2)
  6 kobolds
  2 ball pythons
  3 bats
  3 frilled lizards
  5 rats
47 creatures vanquished.

Vanquished Creatures (others)
  A jelly (D:4)
  An iguana (D:4)
  Ijyb (D:3)
  2 worker ants
  An adder (D:3)
  2 worms
  A dart slug (D:3)
  A bat (D:3)
  2 goblins (D:2)
  A hobgoblin (D:2)
  3 quokkas
  A ball python (D:3)
  2 kobolds
  A rat (D:2)
20 creatures vanquished.

Grand Total: 67 creatures vanquished

Notes
Turn   | Place    | Note
-------+----------+-------------------------------------------
     0 | D:1      | pstr the Naga Earth Elementalist began the quest for the Orb.
     0 | D:1      | Reached XP level 1. HP: 15/15 MP: 3/3
   154 | D:1      | Reached XP level 2. HP: 22/22 MP: 0/5
   959 | D:1      | Reached XP level 3. HP: 28/28 MP: 4/6
  1103 | D:1      | Learned a level 3 spell: Stone Arrow
  1386 | D:2      | Found a faded altar of an unknown god.
  1391 | D:2      | Became a worshipper of Jiyva Jyojuhih the Shapeless
  1391 | D:2      | Reached * piety under Jiyva
  1804 | D:2      | Reached XP level 4. HP: 36/36 MP: 5/8
  1807 | D:2      | Reached ** piety under Jiyva
  2577 | D:3      | Killed Ijyb
  2672 | D:3      | Found a sparkling altar of Nemelex Xobeh.
  3251 | D:4      | Noticed an ogre
  3255 | D:4      | Killed an ogre
  3255 | D:4      | Reached XP level 5. HP: 31/42 MP: 1/10
  3271 | D:4      | Reached *** piety under Jiyva
  3290 | D:4      | Noticed a slave
  3292 | D:4      | Noticed Pikel
  3292 | D:4      | Noticed a slave
  3294 | D:4      | Noticed a slave
  3295 | D:4      | Noticed a slave
  3302 | D:4      | Slain by Pikel

Skill      XL: |  1  2  3  4  5 |
---------------+----------------+-----
Earth Magic    | 4 |  4.6
Spellcasting   | 3 |  3.6
Stealth        | 4 |  4.0
Fighting       | |  0.3
Dodging        | |  1.9
Conjurations   | |  0.5
Transmutations | |  1.0

Action                   |  1- 3 |  4- 6 || total
-------------------------+-------+-------++-------
 Cast: Sandblast         |    35 |    25 ||    60
       Stone Arrow       |     2 |     9 ||    11
Invok: Request Jelly     |     1 |       ||     1
 Abil: Spit Poison       |     2 |     4 ||     6
  Use: Scroll            |       |     2 ||     2
       Potion            |       |     2 ||     2
  Eat: Chunk             |     2 |     4 ||     6
Armor: Robe              |     3 |     1 ||     4
Dodge: Dodged            |    11 |    11 ||    22
